 Dungeon Crawl Stone Soup version 0.20.0-10-g0535bb4 (webtiles) character file.

54738 Soyweiser the Unseen (level 14, -5/67 HPs)
             Began as a Spriggan Enchanter on June 7, 2017.
             Was an Initiate of Gozag.
             Killed by the air
             ... invoked by a blizzard demon
              (25 damage)
             ... in an ice cave.
             The game lasted 02:56:47 (29205 turns).

Soyweiser the Unseen (Spriggan Enchanter)          Turns: 29205, Time: 02:56:50

Health: -5/67      AC:  4    Str:  6    XL:     14   Next: 35%
Magic:  17/28      EV: 27    Int: 19    God:    Gozag
Gold:   1932       SH: 13    Dex: 17    Spells: 5/32 levels left

rFire    . . .     SeeInvis +   y - +1 short sword (venom)
rCold    + . .     Gourm    .   Z - +0 buckler
rNeg     . . .     Faith    .   q - +1 robe {Archmagi}
rPois    .         Spirit   .   (helmet restricted)
rElec    .         Reflect  +   K - +0 cloak
rCorr    .         Harm     .   (gloves unavailable)
MR       ++...                  (boots unavailable)
Stlth    +++++++...             u - +5 amulet of reflection
Regen    0.3/turn               T - ring of stealth
MPRegen  0.3/turn               v - ring of protection from cold

@: very quick
A: unfitting armour, see invisible, herbivore 3, speed 3, slow metabolism 2
a: Potion Petition, Call Merchant, Bribe Branch, Renounce Religion


You were in an ice cave.
You worshipped Gozag.
Gozag was most pleased with you.
You were not hungry.

You visited 5 branches of the dungeon, and saw 22 of its levels.
You also visited: Ice Cave and Volcano.

You collected 4591 gold pieces.
You spent 1203 gold pieces at shops.
You paid 1456 gold pieces to Gozag.

Inventory:

Hand Weapons
 y - a +1 short sword of venom (weapon)
 J - a +1 short sword of electrocution
 S - a +0 short sword of draining
Missiles
 t - 12 tomahawks (quivered)
 E - a throwing net
Armour
 q - a +1 robe of the Archmagi (worn)
 r - a +1 robe
 K - a +0 cloak (worn)
 Z - a +0 buckler (worn)
Jewellery
 u - a +5 amulet of reflection (around neck)
 v - a ring of protection from cold (right hand)
 B - an uncursed ring of positive energy
 N - an uncursed ring of fire
 T - a ring of stealth (left hand)
 U - a +3 ring of intelligence
Wands
 l - a wand of confusion (47/48)
 s - a wand of polymorph (20/24)
 w - a wand of flame (26/48)
 z - a wand of disintegration (7/24)
 G - a wand of confusion (23/48)
 H - a wand of disintegration (14/24)
 P - a wand of flame (0/48)
 R - a wand of polymorph (9/24)
Scrolls
 a - 3 scrolls of fog
 b - 2 scrolls of holy word
 e - a scroll of enchant armour
 f - 5 scrolls of remove curse
 g - 6 scrolls of teleportation
 m - a scroll of noise {unknown}
 C - a scroll of magic mapping
 Q - a scroll of summoning
 Y - a scroll of random uselessness {unknown}
Potions
 c - a potion of heal wounds
 i - 3 potions of brilliance
 j - a potion of resistance
 k - 4 potions of ambrosia
 n - 5 potions of curing
 o - 3 potions of berserk rage
 x - a potion of cancellation
 D - a potion of flight
 F - a potion of magic {unknown}
 M - 3 potions of haste
 V - 3 potions of agility
 W - 2 potions of might
Books
 h - a book of Fire

   Spells                             Type                      Level
   a - Ignite Poison                  Fire/Transmutation/Poison    3
   b - Fireball                       Conjuration/Fire             5
   c - Bolt of Fire                   Conjuration/Fire             6
   d - Ring of Flames                 Charms/Fire                  7
   e - Ignition                       Fire                         8
 A - a book of Flames

   Spells                             Type                      Level
   a - Flame Tongue                   Conjuration/Fire             1
   b - Throw Flame                    Conjuration/Fire             2
   c - Conjure Flame                  Conjuration/Fire             3
   d - Inner Flame                    Hexes/Fire                   3
   e - Sticky Flame                   Conjuration/Fire             4
   f - Fireball                       Conjuration/Fire             5
Comestibles
 d - 10 bread rations
 p - 4 royal jellies


   Skills:
 + Level 4.4 Fighting
 + Level 10.9 Short Blades
 + Level 11.1 Dodging
 + Level 15.0 Stealth
 * Level 6.9 Shields
 + Level 9.7 Spellcasting
 - Level 3.3 Conjurations
 + Level 11.0 Hexes
 - Level 3.0 Summonings
 - Level 6.0 Translocations
 * Level 5.6 Transmutations
 + Level 6.1 Ice Magic
 * Level 4.5 Earth Magic
 - Level 2.5 Evocations


You had 5 spell levels left.
You knew the following spells:

 Your Spells              Type           Power        Failure   Level  Hunger
a - Corona                Hex            ######.      1%          1    None
b - Ensorcelled Hibernat  Hex/Ice        ######       1%          2    None
c - Confuse               Hex            ######..     1%          3    None
d - Tukima's Dance        Hex            ######..     1%          3    None
e - Dazzling Spray        Conj/Hex       ######       1%          3    None
f - Summon Small Mammal   Summ           ####         2%          1    None
g - Blink                 Tloc           N/A          1%          2    None
h - Gell's Gravitas       Tloc           #####.....   1%          3    None
i - Metabolic Englaciati  Hex/Ice        ######....   6%          5    #####..
j - Petrify               Tmut/Erth      #####...     9%          4    ###....


Dungeon Overview and Level Annotations

Branches:
Dungeon (15/15)            Temple (1/1) D:4            Lair (4/6) D:11
 Shoals (1/4) Lair:3          Orc (1/2) D:9          Vaults (0/5) D:14
  Snake: Lair:2-4    Spider: Lair:2-4    Depths: D:15

Altars:
Ashenzari
Cheibriados
Dithmenos
Elyvilon
Fedhas
Gozag
Hepliaklqana
Kikubaaqudgha
Makhleb
Nemelex Xobeh
Okawaru
Qazlal
Ru
Sif Muna
Trog
Uskayaw
Vehumet
Xom
Yredelemnul
Zin
The Shining One

Shops:
D:6 *   D:7 =   D:8 (   D:14 ([   Lair:1 *

Annotations:
D:13 exclusion: 2 downstairs
D:14 Agnes IceCv exclusion: ice statue


Innate Abilities, Weirdness & Mutations

You are very small and have problems with some larger weapons.
You are too small for most types of armour.
You have supernaturally acute eyesight. (SInv)
You are a herbivore.
You cover ground extremely quickly.
You need consume almost no food.


Message History

The spray of energy hits the blizzard demon.
The blizzard demon is heavily wounded.
The blizzard demon waves its arms in wide circles.
The air twists around and strikes you!
* * * LOW HITPOINT WARNING * * *
You feel much better. You block the blizzard demon's attack.
The blizzard demon hits you!
* * * LOW HITPOINT WARNING * * *
Casting: Dazzling Spray
Confirm with . or Enter, or press ? or * to list all spells.
Aiming: Dazzling Spray
Press: ? - help, Shift-Dir - straight line, f/p - blizzard demon
Aim: a blizzard demon (heavily wounded)
You feel a surge of power!
The spray of energy hits the blizzard demon.
The blizzard demon is severely wounded.
The blizzard demon waves its arms in wide circles.
The air twists around and strikes you!
You die...
Your body crumbles into a pile of gold.

## ##2# ###
#.§§#### ##.##
#)$#.§§§#.#
##.#.#
#.2..§§#2##
##.#.##
#.#.#§#$$#.##
#.#### #
##.##2# #..#
#####@##
##..##
##..#.##
##..8.#
#...#..#
#.....##
##.##...#
##..#...#
#..###⌠.#
#..###..##
#.###..####.##
##..# #..#####
#..# ##.#
###...## ##..#
##.# #..#...#
#..## #.##


You could see a blizzard demon.

Vanquished Creatures
  Donald (Shoals:1)
  The ghost of Haldmier the Bewitcher, a journeyman DEEn of Sif Muna (Lair:3)
  A fire dragon (Volcano)
  A blizzard demon (IceCv)
  A merfolk impaler (Shoals:1)
  4 hydras
  A rakshasa (D:13)
  An ogre mage (D:14)
  A hell hog (Volcano)
  5 two-headed ogres
  Urug (D:12)
  Pikel (D:4)
  A deep elf mage (D:14)
  A wizard (D:13)
  An orc knight (D:9)
  5 ugly things (D:14)
  5 cyclopes
  A manticore (D:10)
  A merfolk siren (Lair:3)
  A black mamba (Lair:2)
  8 spiny frogs
  2 gargoyles (D:13)
  7 ice devils (IceCv)
  A komodo dragon (Lair:2)
  7 anaconda simulacra (IceCv)
  4 freezing wraiths
  8 trolls
  A wolf spider simulacrum (IceCv)
  2 merfolk (Shoals:1)
  Grinder (D:6)
  8 blink frogs (Lair:2)
  A harpy skeleton (D:13)
  A polar bear (D:15)
  A snapping turtle (Shoals:1)
  5 hippogriffs
  6 slime creatures (D:14)
  2 vampires (D:14)
  A shadow (D:12)
  6 dire elephant simulacra (IceCv)
  24 yaks
  2 water elementals (Shoals:1)
  4 wyverns
  A human (D:7)
  12 fire bats (Volcano)
  2 hogs (D:7)
  A steam dragon (Volcano)
  A death yak simulacrum (IceCv)
  A basilisk (D:12)
  3 harpy simulacra (IceCv)
  4 vampire mosquitoes (D:14)
  2 acid dragons (D:13)
  2 hydra simulacra (IceCv)
  Edmund (D:4)
  10 water moccasins
  2 hell hounds (Volcano)
  An ice beast (D:14)
  4 porcupines
  2 slaves (D:4)
  2 sky beasts
  2 phantoms
  4 orc warriors
  3 black bears
  4 ogres
  16 centaurs
  2 necrophages
  7 wolves (Lair:1)
  9 crocodiles
  A big kobold (D:11)
  Blork the orc (D:4)
  15 bullfrogs
  A wyvern zombie (D:11)
  A gnoll sergeant (D:5)
  A wyvern skeleton (D:7)
  6 scorpions
  Dowan (D:6)
  9 killer bees
  A howler monkey (D:9)
  5 crimson imps
  A quasit (D:12)
  A bullfrog zombie (D:11)
  A lava snake (Volcano)
  2 jellies
  3 draconian simulacra (IceCv)
  3 centaur zombies
  8 orc priests
  9 hounds
  8 centaur skeletons
  A bullfrog skeleton (D:5)
  2 iguanas
  13 orc wizards
  A troll simulacrum (IceCv)
  11 worker ants
  Terence (D:3)
  A wolf simulacrum (IceCv)
  3 centaur simulacra (IceCv)
  A hound zombie (D:8)
  2 hound skeletons (D:10)
  A worker ant zombie (D:5)
  Robin (D:2)
  6 gnolls
  17 adders
  3 ogre simulacra (IceCv)
  A shadow imp (D:9)
  8 white imps (IceCv)
  8 ufetubi (IceCv)
  An ooze (D:3)
  An adder skeleton (D:4)
  5 dart slugs
  A worm (D:3)
  4 leopard geckos
  51 orcs
  6 bats
  5 giant cockroaches
  11 goblins
  9 hobgoblins
  9 jackals
  4 quokkas
  4 ball pythons (D:2)
  8 frilled lizards
  11 kobolds
  A leopard gecko skeleton (D:5)
  8 rats
533 creatures vanquished.

Vanquished Creatures (others)
  A wizard (D:6)
  A dancing weapon (D:5)
  Duvessa (D:6)
  A human (D:8)
  A hound (D:4)
  An orc wizard (D:4)
  An orc (D:4)
  4 jackals (D:4)
  A fungus (Lair:1)
  A plant (Lair:1)
13 creatures vanquished.

Grand Total: 546 creatures vanquished

Notes
Turn   | Place    | Note
-------+----------+-------------------------------------------
     0 | D:1      | Soyweiser the Spriggan Enchanter began the quest for the Orb.
     0 | D:1      | Reached XP level 1. HP: 9/9 MP: 5/5
   285 | D:2      | Reached skill level 5 in Stealth
   285 | D:2      | Reached XP level 2. HP: 13/13 MP: 6/6
   310 | D:2      | Learned a level 2 spell: Ensorcelled Hibernation
   338 | D:2      | Reached XP level 3. HP: 16/16 MP: 8/8
   403 | D:2      | Reached skill level 6 in Stealth
   705 | D:2      | Reached XP level 4. HP: 19/21 MP: 5/9
  1448 | D:2      | Noticed Robin
  1466 | D:2      | Killed Robin
  2141 | D:2      | Reached XP level 5. HP: 21/24 MP: 7/10
  2262 | D:3      | Learned a level 3 spell: Confuse
  2266 | D:3      | Learned a level 3 spell: Tukima's Dance
  2288 | D:3      | Reached skill level 7 in Stealth
  3024 | D:3      | Noticed Terence
  3025 | D:3      | Reached skill level 8 in Stealth
  3025 | D:3      | Reached XP level 6. HP: 28/28 MP: 4/11
  3366 | D:3      | Reached skill level 5 in Short Blades
  3804 | D:3      | Killed Terence
  3913 | D:4      | Noticed Edmund
  3923 | D:4      | Killed Edmund
  4030 | D:4      | Reached XP level 7. HP: 23/32 MP: 5/12
  4289 | D:4      | Noticed Pikel
  4309 | D:4      | Killed Pikel
  4309 | D:4      | Reached skill level 9 in Stealth
  4309 | D:4      | Reached skill level 5 in Hexes
  4507 | D:4      | Reached XP level 8. HP: 30/36 MP: 8/13
  4595 | D:4      | Found a staircase to the Ecumenical Temple.
  4626 | Temple   | Entered the Ecumenical Temple
  4685 | Temple   | Became a worshipper of Gozag Ym Sagoz the Greedy
  4724 | D:5      | Entered Level 5 of the Dungeon
  4760 | D:4      | Reached skill level 10 in Stealth
  5229 | D:4      | Noticed Blork the orc
  5241 | D:4      | Killed Blork the orc
  6172 | D:3      | Reached skill level 1 in Ice Magic
  6295 | D:5      | Found a deep blue altar of Sif Muna.
  6295 | D:5      | Found an ancient bone altar of Kikubaaqudgha.
  6297 | D:5      | Found a radiant altar of Vehumet.
  6301 | D:5      | Identified Sif Muna's Volume of the Escort
  6309 | D:5      | Learned a level 3 spell: Dazzling Spray
  6311 | D:5      | Learned a level 1 spell: Summon Small Mammal
  6966 | D:6      | Found Amom's General Store.
  7002 | D:6      | Bought a scroll of teleportation for 30 gold pieces
  7002 | D:6      | Bought a potion of lignification for 30 gold pieces
  7037 | D:6      | Found a radiant altar of Vehumet.
  7052 | D:6      | Found a bloodstained altar of Trog.
  7053 | D:6      | Noticed a wizard
  7060 | D:6      | Killed a wizard
  7471 | D:5      | You fall through a shaft for 3 floors!
  7471 | D:8      | Found a sacrificial altar of Ru.
  7621 | D:8      | Found Wuiten's Weapon Shop.
  7843 | D:8      | Learned a level 2 spell: Blink
  7882 | D:7      | Found a hazy altar of Hepliaklqana.
  8107 | D:6      | Noticed Grinder
  8122 | D:6      | Killed Grinder
  8122 | D:6      | Reached skill level 1 in Translocations
  8122 | D:6      | Reached XP level 9. HP: 34/39 MP: 6/16
  8296 | D:7      | Reached skill level 11 in Stealth
  8614 | D:5      | Found a blossoming altar of Fedhas.
  8640 | D:5      | Reached skill level 1 in Conjurations
  8776 | D:5      | Found a shattered altar of Ashenzari.
  8780 | D:5      | Found a stormy altar of Qazlal.
  9269 | D:6      | Noticed Dowan
  9270 | D:6      | Noticed Duvessa
  9298 | D:6      | Killed Dowan
  9313 | D:6      | Killed Duvessa
 10007 | D:7      | Reached skill level 5 in Dodging
 10349 | D:7      | Reached skill level 5 in Spellcasting
 10412 | D:7      | Learned a level 3 spell: Gell's Gravitas
 10800 | D:8      | Found an ancient bone altar of Kikubaaqudgha.
 11050 | D:8      | You fall through a shaft!
 11403 | D:9      | Reached XP level 10. HP: 44/44 MP: 14/19
 11441 | D:9      | Found a staircase to the Orcish Mines.
 11441 | D:9      | Noticed a two-headed ogre
 11456 | D:9      | Killed a two-headed ogre
 11549 | D:9      | Reached skill level 12 in Stealth
 11853 | Orc:1    | Entered Level 1 of the Orcish Mines
 11993 | D:10     | Entered Level 10 of the Dungeon
 12122 | D:9      | Reached skill level 1 in Shields
 12281 | D:9      | Reached skill level 5 in Translocations
 12515 | D:9      | Noticed an orc knight
 12525 | D:9      | Killed an orc knight
 12919 | D:10     | Noticed a manticore
 12923 | D:10     | Killed a manticore
 13292 | D:11     | Found a staircase to the Lair.
 13295 | D:11     | Noticed a two-headed ogre
 13753 | D:11     | Reached XP level 11. HP: 42/47 MP: 21/21
 13769 | D:11     | Learned a level 5 spell: Metabolic Englaciation
 13842 | D:11     | Reached skill level 1 in Evocations
 14366 | D:7      | Bought a +5 amulet of reflection for 576 gold pieces
 14366 | D:7      | Bought an uncursed ring of flight for 245 gold pieces
 14755 | D:11     | Killed a two-headed ogre
 15006 | Lair:1   | Entered Level 1 of the Lair of Beasts
 15073 | Lair:1   | Reached skill level 1 in Fighting
 15094 | Lair:1   | Found a dark tunnel.
 15113 | Volcano  | Entered a volcano
 15165 | Volcano  | Reached skill level 1 in Summonings
 15407 | Volcano  | Noticed a fire dragon
 15419 | Volcano  | Noticed a hell hog
 15449 | Volcano  | Killed a hell hog
 15670 | Volcano  | Reached skill level 13 in Stealth
 15909 | Volcano  | Killed a fire dragon
 16032 | Volcano  | Found a radiant altar of Vehumet.
 16044 | Volcano  | Found a burning altar of Makhleb.
 16293 | Lair:1   | Found a radiant altar of Vehumet.
 17024 | Lair:1   | Reached XP level 12. HP: 54/54 MP: 13/24
 17212 | Lair:2   | Reached skill level 10 in Short Blades
 17397 | Lair:1   | Noticed an eight-headed hydra
 17412 | Lair:1   | Killed an eight-headed hydra
 18992 | Lair:1   | Bought a scroll of identify for 50 gold pieces
 18992 | Lair:1   | Bought a metallic yellow potion for 22 gold pieces
 18992 | Lair:1   | Bought a potion of heal wounds for 125 gold pieces
 19519 | D:12     | Reached skill level 5 in Shields
 19568 | D:12     | Noticed a five-headed hydra
 19575 | D:12     | Killed a five-headed hydra
 19680 | D:13     | Reached skill level 10 in Hexes
 19921 | D:12     | Noticed Urug
 19927 | D:12     | Killed Urug
 20479 | D:13     | Found a shimmering altar of Xom.
 20513 | D:13     | Learned a level 4 spell: Petrify
 20529 | D:13     | Found a glowing golden altar of the Shining One.
 20626 | D:14     | Reached skill level 14 in Stealth
 20639 | D:14     | Reached skill level 1 in Transmutations
 20760 | D:13     | Reached skill level 1 in Earth Magic
 20881 | D:13     | Noticed a two-headed ogre
 20883 | D:13     | Killed a two-headed ogre
 21054 | D:12     | Noticed a seven-headed hydra
 21062 | D:12     | Killed a seven-headed hydra
 21062 | D:12     | Reached XP level 13. HP: 60/60 MP: 21/26
 21545 | D:13     | Reached skill level 10 in Dodging
 21545 | D:13     | Reached skill level 5 in Ice Magic
 22063 | D:15     | Entered Level 15 of the Dungeon
 22140 | D:14     | Found Ored's Antique Armour Boutique.
 22171 | D:14     | Bought an embroidered robe for 125 gold pieces
 22702 | D:14     | Found a gate to the Vaults.
 23138 | D:14     | Found Jatucis's Antique Weapon Shoppe.
 23355 | D:14     | Noticed Agnes
 25310 | Lair:3   | Noticed Haldmier's ghost (journeyman DEEn)
 25333 | Lair:3   | Killed Haldmier's ghost
 25602 | Lair:3   | Found an opulent altar of Gozag.
 25611 | Lair:3   | Found a staircase to the Shoals.
 25635 | Shoals:1 | Entered Level 1 of the Shoals
 25637 | Shoals:1 | Noticed a merfolk impaler
 25647 | Shoals:1 | Killed a merfolk impaler
 25647 | Shoals:1 | Reached XP level 14. HP: 42/66 MP: 25/28
 25665 | Shoals:1 | Noticed Donald
 25669 | Shoals:1 | Killed Donald
 25898 | Shoals:1 | Found a frozen archway.
 26000 | IceCv    | Entered an ice cave
 26165 | IceCv    | Reached skill level 5 in Transmutations
 28866 | IceCv    | Reached skill level 15 in Stealth
 29205 | IceCv    | Killed from afar by a blizzard demon

Skill      XL: |  1  2  3  4  5  6  7  8  9 10 11 12 13 14 |
---------------+-------------------------------------------+-----
Stealth        | 5 6 8 9 10 11 12 13 14 15 | 15.0
Short Blades   | 2 3 4 5 6 7 8 9 10 | 10.9
Hexes          | 4 5 7 8 9 10 11 | 11.0
Spellcasting   | 4 5 6 7 8 9 |  9.7
Ice Magic      | 2 3 4 6 |  6.1
Dodging        | 4 5 7 8 9 10 11 | 11.1
Translocations | 1 4 6 |  6.0
Conjurations   | 2 3 |  3.3
Shields        | 2 4 5 6 |  6.9
Evocations     | 2 |  2.5
Fighting       | 2 3 4 |  4.4
Summonings     | 2 3 |  3.0
Transmutations | 1 4 5 |  5.6
Earth Magic    | 1 3 4 |  4.5

Action                   |  1- 3 |  4- 6 |  7- 9 | 10-12 | 13-15 || total
-------------------------+-------+-------+-------+-------+-------++-------
Melee: Dagger            |    47 |   170 |       |       |       ||   217
       Short sword       |       |    27 |   269 |   304 |   508 ||  1108
       Unarmed           |       |       |     6 |       |       ||     6
Throw: Stone             |       |     7 |    25 |     8 |       ||    40
       Tomahawk          |       |       |       |    34 |    21 ||    55
 Cast: Corona            |     8 |     6 |     4 |     1 |       ||    19
       Ensorcelled Hiber |     4 |    52 |    59 |   210 |    91 ||   416
       Tukima's Dance    |       |     2 |     8 |       |       ||    10
       Confuse           |       |       |    10 |    20 |   112 ||   142
       Summon Small Mamm |       |       |     1 |     2 |       ||     3
       Gell's Gravitas   |       |       |     1 |     1 |       ||     2
       Dazzling Spray    |       |       |     1 |       |    19 ||    20
       Metabolic Englaci |       |       |       |       |     4 ||     4
       Petrify           |       |       |       |       |     2 ||     2
Invok: Call Merchant     |       |       |     1 |     1 |       ||     2
Evoke: Wand              |       |       |       |       |     7 ||     7
  Use: Scroll            |       |     5 |    10 |    11 |     5 ||    31
       Potion            |       |       |     1 |     2 |     6 ||     9
 Stab: Sleeping          |    11 |    45 |    51 |   156 |    78 ||   341
       Distracted        |       |     1 |     4 |     8 |     4 ||    17
       Confused          |       |       |     9 |    22 |    76 ||   107
       Invisible         |       |       |       |       |     5 ||     5
       Petrifying        |       |       |       |       |     1 ||     1
  Eat: Bread ration      |       |     1 |     1 |       |     1 ||     3
       Royal jelly       |       |       |     2 |     4 |     2 ||     8
       Fruit             |       |       |       |     3 |       ||     3
Armor: Robe              |     4 |     6 |     5 |    20 |    10 ||    45
Dodge: Dodged            |    45 |   128 |   140 |   211 |   202 ||   726
Block: Other             |       |       |       |    31 |     6 ||    37
       Reflection        |       |       |       |     4 |       ||     4
       Buckler           |       |       |       |       |   118 ||   118
